[Event "VI Sunway Sitges Open 2019"]
[Site "Sitges"]
[Date "2019.12.19"]
[Round "7.34"]
[White "Sadhwani, Raunak"]
[Black "Lopez Mulet, Inigo"]
[Result "1-0"]
[ECO "A21"]
[WhiteElo "2507"]
[BlackElo "2382"]
[Annotator "ChessBase"]
[PlyCount "51"]
[EventDate "2019.12.13"]
[EventType "swiss"]
[EventCountry "ESP"]
[SourceTitle "playchess.com"]
[Source "ChessBase"]
[SourceQuality "1"]
[TimeControl "40/5400+30:1800+30"]

1. c4 e5 2. Nc3 Bb4 3. Nd5 Bc5 4. e3 c6 5. d4 Bd6 6. dxe5 Bxe5 7. Nf3 d6 8. Nc3 Bxc3+ 9. bxc3 Nf6 10. Be2 O-O 11. O-O c5 12. Qd3 Nc6 13. e4 Re8 14. Bg5 h6 15. Bxf6 Qxf6 16. Nd2 b6 17. f4 Ba6 18. Rf2 Re7 19. Raf1 Na5 20. g4 Rae8 21. Qg3 Qe6 22. h4 f6 23. g5 f5 24. exf5 Qe3 25. Qxe3 Rxe3 26. Bf3 1-0

[Event "VI Sunway Sitges Open 2019"]
[Site "Sitges"]
[Date "2019.12.19"]
[Round "7.39"]
[White "Krastev, Alexander"]
[Black "Gines Esteo, Pedro Antonio"]
[Result "0-1"]
[ECO "B19"]
[WhiteElo "2323"]
[BlackElo "2483"]
[Annotator "ChessBase"]
[PlyCount "74"]
[EventDate "2019.12.13"]
[EventType "swiss"]
[EventCountry "ESP"]
[SourceTitle "playchess.com"]
[Source "ChessBase"]
[SourceQuality "1"]
[TimeControl "40/5400+30:1800+30"]

1. e4 c6 2. d4 d5 3. Nc3 dxe4 4. Nxe4 Bf5 5. Ng3 Bg6 6. h4 h6 7. Nf3 e6 8. Ne5 Bh7 9. Bd3 Bxd3 10. Qxd3 Nd7 11. f4 Bb4+ 12. Bd2 Bxd2+ 13. Qxd2 Ngf6 14. O-O-O O-O 15. Ne2 Ne4 16. Qe3 f5 17. g4 Nxe5 18. fxe5 Qd5 19. Kb1 fxg4 20. Nf4 Rxf4 21. Qxf4 Rf8 22. Qxg4 Nf2 23. Qg1 Nxd1 24. Qxd1 Rf4 25. c3 Qe4+ 26. Kc1 Rf2 27. Re1 Rc2+ 28. Qxc2 Qxe1+ 29. Qd1 Qxd1+ 30. Kxd1 Kf7 31. Ke2 Kg6 32. Kf3 Kf5 33. a4 a5 34. Ke3 g5 35. hxg5 Kxg5 36. Kf3 Kf5 37. Kg3 b6 0-1

[Event "VI Sunway Sitges Open 2019"]
[Site "Sitges"]
[Date "2019.12.19"]
[Round "7.41"]
[White "Ajay Karthikeyan"]
[Black "Yankelevich, Lev"]
[Result "0-1"]
[ECO "C96"]
[WhiteElo "2203"]
[BlackElo "2472"]
[Annotator "ChessBase"]
[PlyCount "102"]
[EventDate "2019.12.13"]
[EventType "swiss"]
[EventCountry "ESP"]
[SourceTitle "playchess.com"]
[Source "ChessBase"]
[SourceQuality "1"]
[TimeControl "40/5400+30:1800+30"]

1. e4 e5 2. Nf3 Nc6 3. Bb5 a6 4. Ba4 Nf6 5. O-O Be7 6. Re1 b5 7. Bb3 O-O 8. h3 d6 9. c3 Na5 10. Bc2 c5 11. d4 Nd7 12. Nbd2 exd4 13. cxd4 Nc6 14. Nf1 cxd4 15. Nxd4 Nxd4 16. Qxd4 Ne5 17. Qd1 Nc4 18. b3 Nb6 19. Bb2 Bf6 20. Bd4 Be5 21. Nh2 Be6 22. Nf3 Nd7 23. Qd2 Qf6 24. Nxe5 dxe5 25. Be3 Nb8 26. a4 Nc6 27. axb5 axb5 28. Rxa8 Rxa8 29. Qd6 Rc8 30. Bd3 Bxb3 31. Qxf6 gxf6 32. Bxb5 Nd4 33. Bf1 Kg7 34. Rc1 Ra8 35. Kh2 Ra2 36. Kg3 Bc2 37. Bc4 Ra3 38. Kh2 Bxe4 39. Bxd4 exd4 40. Rd1 Ra4 41. Bf1 Kf8 42. Kg3 Bg6 43. Kf4 Ke7 44. g4 Kd6 45. f3 Kd5 46. Rc1 Bc2 47. Bb5 Rb4 48. Be8 d3+ 49. Ke3 Kc4 50. Kd2 Rb2 51. Ke3 Kc3 {[%emt 0:00:18] Kd4+} 0-1

[Event "VI Sunway Sitges Open 2019"]
[Site "Sitges"]
[Date "2019.12.19"]
[Round "7.42"]
[White "Mohamed Anees M"]
[Black "Karthik Venkataraman"]
[Result "0-1"]
[ECO "E74"]
[WhiteElo "2056"]
[BlackElo "2470"]
[Annotator "ChessBase"]
[PlyCount "86"]
[EventDate "2019.12.13"]
[EventType "swiss"]
[EventCountry "ESP"]
[SourceTitle "playchess.com"]
[Source "ChessBase"]
[SourceQuality "1"]
[TimeControl "40/5400+30:1800+30"]

1. d4 e6 2. c4 Nf6 3. Nf3 c5 4. d5 g6 5. Nc3 Bg7 6. e4 O-O 7. Be2 exd5 8. exd5 d6 9. h3 Na6 10. O-O Nc7 11. Bf4 Nh5 12. Bh2 f5 13. Ne1 Nf6 14. Qd2 h6 15. Bd3 g5 16. Nf3 Nh5 17. Ne2 Rb8 18. a4 Na6 19. Ra3 Nb4 20. Bb1 Qf6 21. Nfd4 f4 22. Be4 a5 23. Nb5 Qxb2 24. Qd1 Bf5 25. Rb3 Qe5 26. Bxf5 Qxf5 27. Nxd6 Qd7 28. Ne4 b6 29. Nd4 cxd4 30. Qxh5 Qxa4 31. Rbb1 Qe8 32. Qf3 Qg6 33. Rfe1 Rfe8 34. g3 Nc2 35. Re2 Ne3 36. Nd2 d3 37. Ree1 Bc3 38. fxe3 fxe3 39. Rxe3 Bd4 40. Rbe1 Rxe3 41. Rxe3 Re8 42. Nf1 d2 43. Kf2 Rf8 0-1

[Event "VI Sunway Sitges Open 2019"]
[Site "Sitges"]
[Date "2019.12.19"]
[Round "7.44"]
[White "Kulaots, Kaido"]
[Black "Raja Rithvik R"]
[Result "1/2-1/2"]
[ECO "B51"]
[WhiteElo "2538"]
[BlackElo "2381"]
[Annotator "ChessBase"]
[PlyCount "75"]
[EventDate "2019.12.13"]
[EventType "swiss"]
[EventCountry "ESP"]
[SourceTitle "playchess.com"]
[Source "ChessBase"]
[SourceQuality "1"]
[TimeControl "40/5400+30:1800+30"]

1. e4 c5 2. Nf3 d6 3. Bb5+ Nd7 4. O-O a6 5. Bd3 Ngf6 6. a4 b6 7. Re1 Bb7 8. c3 g6 9. Na3 Bg7 10. Bc2 O-O 11. d4 Qc7 12. h3 e5 13. d5 h6 14. Be3 Kh7 15. Nd2 Ng8 16. Ndc4 Ne7 17. f4 f5 18. fxe5 Nxe5 19. Bf4 Nxc4 20. Nxc4 Rad8 21. Qd3 fxe4 22. Rxe4 Rf6 23. Ne3 Bc8 24. Re1 Nf5 25. g4 Nh4 26. Nc4 Rdf8 27. Re7 Qd8 28. Qg3 Rxf4 29. Qxh4 Rxc4 30. Qh5 Bf5 31. gxf5 gxh5 32. f6+ Kg8 33. Rxg7+ Kh8 34. Rh7+ Kg8 35. Rg7+ Kh8 36. Rh7+ Kg8 37. Rg7+ Kh8 38. Rh7+ 1/2-1/2

[Event "VI Sunway Sitges Open 2019"]
[Site "Sitges"]
[Date "2019.12.19"]
[Round "7.45"]
[White "Mieles Palau, Daniel"]
[Black "Narciso Dublan, Marc"]
[Result "1/2-1/2"]
[ECO "A17"]
[WhiteElo "2382"]
[BlackElo "2516"]
[Annotator "ChessBase"]
[PlyCount "74"]
[EventDate "2019.12.13"]
[EventType "swiss"]
[EventCountry "ESP"]
[SourceTitle "playchess.com"]
[Source "ChessBase"]
[SourceQuality "1"]
[TimeControl "40/5400+30:1800+30"]

1. c4 e6 2. Nf3 d5 3. e3 Nf6 4. Nc3 b6 5. b3 Bb7 6. Bb2 Nbd7 7. cxd5 exd5 8. d4 Bd6 9. g3 O-O 10. Bg2 Ba6 11. a3 Qe7 12. Ne2 Ne4 13. O-O Rae8 14. Re1 Ndf6 15. Nc3 Ng4 16. Nxe4 dxe4 17. Nd2 f5 18. Nc4 Bxc4 19. bxc4 h5 20. c5 bxc5 21. dxc5 Be5 22. Bxe5 Qxe5 23. h3 Nf6 24. h4 Rb8 25. Rc1 Rb2 26. Re2 Rxe2 27. Qxe2 Rb8 28. Bh3 Rb2 29. Qc4+ Nd5 30. c6 Rd2 31. Qc5 a6 32. Rb1 Kh7 33. Rb8 Rd1+ 34. Kh2 Rd2 35. Kg1 Rd1+ 36. Kh2 Rd2 37. Kg1 Rd1+ 1/2-1/2

[Event "VI Sunway Sitges Open 2019"]
[Site "Sitges"]
[Date "2019.12.19"]
[Round "7.46"]
[White "Valenzuela Gomez, Fernando"]
[Black "Iniyan, P."]
[Result "1-0"]
[ECO "E21"]
[WhiteElo "2373"]
[BlackElo "2497"]
[Annotator "ChessBase"]
[PlyCount "77"]
[EventDate "2019.12.13"]
[EventType "swiss"]
[EventCountry "ESP"]
[SourceTitle "playchess.com"]
[Source "ChessBase"]
[SourceQuality "1"]
[TimeControl "40/5400+30:1800+30"]

1. d4 Nf6 2. c4 e6 3. Nc3 Bb4 4. e3 b6 5. Bd2 Bb7 6. Nf3 O-O 7. Bd3 Bxc3 8. Bxc3 Ne4 9. Bxe4 Bxe4 10. d5 c5 11. Nd2 Bg6 12. h4 exd5 13. cxd5 Bd3 14. Qg4 f6 15. O-O-O Qe7 16. Nb3 Ba6 17. e4 d6 18. f4 Nd7 19. Rhe1 Rfe8 20. Kb1 b5 21. a3 Qf7 22. Qf3 Bb7 23. Na5 Nb6 24. g4 Rac8 25. Nxb7 Qxb7 26. g5 b4 27. axb4 fxg5 28. Rg1 Na4 29. Rxg5 Nxc3+ 30. Qxc3 cxb4 31. Qd3 b3 32. Rdg1 Re7 33. e5 Qb4 34. Rh5 g6 35. Rxh7 Rc1+ 36. Rxc1 Kxh7 37. h5 Rg7 38. hxg6+ Rxg6 39. Qh3+ 1-0

[Event "VI Sunway Sitges Open 2019"]
[Site "Sitges"]
[Date "2019.12.19"]
[Round "7.48"]
[White "Minko, Dmitry"]
[Black "Davtyan, David Arm."]
[Result "0-1"]
[ECO "B33"]
[WhiteElo "2147"]
[BlackElo "2327"]
[Annotator "NA"]
[PlyCount "58"]
[EventDate "2019.12.13"]
[EventType "swiss"]
[EventCountry "ESP"]
[SourceTitle "playchess.com"]
[Source "ChessBase"]
[SourceQuality "1"]
[TimeControl "40/5400+30:1800+30"]

1. e4 c5 2. Nf3 Nc6 3. d4 cxd4 4. Nxd4 Nf6 5. Nc3 e5 6. Ndb5 d6 7. a4 a6 8. Na3 Bg4 9. Be2 Bxe2 10. Qxe2 d5 11. exd5 Nxd5 12. O-O Nxc3 13. bxc3 Bc5 14. Nc4 Qe7 15. a5 O-O 16. Be3 Bxe3 17. Qxe3 Rad8 18. Rfd1 f5 19. Qb6 f4 20. f3 e4 21. fxe4 Rxd1+ 22. Rxd1 Qxe4 23. Qb3 Kh8 24. Nd6 Qe3+ 25. Kh1 Qe2 26. Qd5 Ne5 27. Rg1 h6 28. Qxb7 Qh5 29. Qd5 Ng4 0-1

[Event "VI Sunway Sitges Open 2019"]
[Site "Sitges"]
[Date "2019.12.19"]
[Round "7.49"]
[White "Kamalidenova, Meruert"]
[Black "Ortega Ruiz, Jose Miguel"]
[Result "1/2-1/2"]
[ECO "E01"]
[WhiteElo "2019"]
[BlackElo "2292"]
[Annotator "NA"]
[PlyCount "142"]
[EventDate "2019.12.13"]
[EventType "swiss"]
[EventCountry "ESP"]
[SourceTitle "playchess.com"]
[Source "ChessBase"]
[SourceQuality "1"]
[TimeControl "40/5400+30:1800+30"]

1. d4 Nf6 2. c4 e6 3. Nf3 c5 4. g3 cxd4 5. Nxd4 d5 6. Bg2 e5 7. Nf3 d4 8. O-O Nc6 9. e3 Be7 10. exd4 exd4 11. Bf4 O-O 12. Nbd2 Nh5 13. Nxd4 Nxf4 14. Nxc6 bxc6 15. gxf4 Qd6 16. Ne4 Qxf4 17. Qf3 Qxf3 18. Bxf3 Be6 19. b3 a5 20. Rad1 a4 21. Nd6 axb3 22. axb3 Ra3 23. c5 Ra6 24. b4 g6 25. Ra1 Rfa8 26. Rxa6 Rxa6 27. Nb7 h5 28. Rc1 Kf8 29. Na5 Bd7 30. Rd1 Ke8 31. Nc4 Bg4 32. Bxg4 hxg4 33. Ne5 Bf6 34. Nxg4 Bc3 35. Rd6 Bxb4 36. Nf6+ Kf8 37. Nd7+ Ke7 38. Ne5 Bxc5 39. Rxc6 Ra1+ 40. Kg2 Bd4 41. Nf3 Ba7 42. Rc2 Kf6 43. h3 Kf5 44. Rb2 Kf6 45. Rc2 Kg7 46. Ne5 Bd4 47. Nf3 Bf6 48. Rd2 Ra3 49. Rc2 g5 50. Rd2 Kg6 51. Rc2 Ra6 52. Re2 Ra5 53. Rd2 Bg7 54. Rc2 f5 55. Rd2 Bf6 56. Rc2 Be7 57. Re2 Bf6 58. Rc2 Ra6 59. Re2 Rd6 60. Rc2 Re6 61. Rd2 Be7 62. Rc2 Bb4 63. Nd4 Rd6 64. Rc6 Rxc6 65. Nxc6 Bc3 66. Ne7+ Kh5 67. Nxf5 Bd2 68. Ng3+ Kh4 69. Nf5+ Kh5 70. Nd4 g4 71. hxg4+ Kxg4 1/2-1/2

[Event "VI Sunway Sitges Open 2019"]
[Site "Sitges"]
[Date "2019.12.19"]
[Round "7.50"]
[White "Schut, Han"]
[Black "Vanduyfhuys, Daria"]
[Result "1/2-1/2"]
[ECO "B33"]
[WhiteElo "2169"]
[BlackElo "1973"]
[Annotator "ChessBase"]
[PlyCount "98"]
[EventDate "2019.12.13"]
[EventType "swiss"]
[EventCountry "ESP"]
[SourceTitle "playchess.com"]
[Source "ChessBase"]
[SourceQuality "1"]
[TimeControl "40/5400+30:1800+30"]

1. e4 c5 2. Nf3 Nc6 3. Nc3 Nf6 4. d4 cxd4 5. Nxd4 e5 6. Ndb5 d6 7. Nd5 Nxd5 8. exd5 Ne7 9. c4 Ng6 10. Qa4 Bd7 11. Qb4 Qb8 12. h4 a6 13. Nc3 h5 14. g3 Be7 15. Be2 Nf8 16. Be3 g6 17. f4 exf4 18. Bxf4 Bf5 19. O-O Nd7 20. Rae1 Ne5 21. Qa4+ b5 22. cxb5 O-O 23. Qb4 Bd8 24. Kh2 Re8 25. a4 axb5 26. Bxe5 Rxe5 27. Bxb5 Bd3 28. Rxe5 dxe5 29. Rd1 Qb6 30. Kg2 Bf5 31. Qc4 Rc8 32. Qf1 Qe3 33. Qf2 Qh6 34. Qd2 Qg7 35. Rf1 Ba5 36. d6 e4 37. d7 Rd8 38. Qg5 f6 39. Qe3 Bxd7 40. Nxe4 Bxb5 41. Qb3+ Kh8 42. Qxb5 Qe7 43. Qc6 f5 44. Ng5 Bb4 45. Qxg6 Rd2+ 46. Kh3 Rh2+ 47. Kxh2 Qe2+ 48. Kh1 Qxf1+ 49. Kh2 Qf2+ 1/2-1/2

[Event "VI Sunway Sitges Open 2019"]
[Site "Sitges"]
[Date "2019.12.19"]
[Round "7.51"]
[White "Nurgaliyev, Sauat"]
[Black "Rosh Jain"]
[Result "0-1"]
[ECO "E07"]
[WhiteElo "1850"]
[BlackElo "1697"]
[Annotator "NA"]
[PlyCount "142"]
[EventDate "2019.12.13"]
[EventType "swiss"]
[EventCountry "ESP"]
[SourceTitle "playchess.com"]
[Source "ChessBase"]
[SourceQuality "1"]
[TimeControl "40/5400+30:1800+30"]

1. d4 Nf6 2. Nf3 e6 3. g3 d5 4. Bg2 Be7 5. O-O O-O 6. c4 Nbd7 7. cxd5 exd5 8. Nc3 c6 9. Qc2 Nb6 10. Bf4 Bd7 11. Ne5 Be6 12. Rfd1 Rc8 13. a3 c5 14. dxc5 Bxc5 15. Qd3 Qe7 16. Nf3 h6 17. Nb5 Nc4 18. Rab1 Nh5 19. Bc1 Rfe8 20. Nc3 Rcd8 21. Nd4 Ne5 22. Qc2 Bb6 23. Nxe6 fxe6 24. e3 Rf8 25. Qe2 Nf6 26. h3 Nc6 27. b3 d4 28. exd4 Nxd4 29. Qa2 Nh5 30. Ne4 Nf3+ 31. Bxf3 Rxf3 32. Qe2 Rxd1+ 33. Qxd1 Qf7 34. Rb2 Nxg3 35. Nxg3 Rxg3+ 36. Kh2 Rf3 37. Be3 Bxe3 38. Qd8+ Qf8 39. Qxf8+ Kxf8 40. fxe3 Rxe3 41. a4 Ke7 42. b4 Rc3 43. Kg2 e5 44. a5 Rc4 45. b5 Rc5 46. Kf3 Ke6 47. Rb3 Kf5 48. Ke3 g5 49. Kf3 h5 50. Ke3 Rd5 51. Rb4 Rc5 52. Rb3 g4 53. hxg4+ hxg4 54. Rb4 Rd5 55. Rb3 e4 56. Rb4 Rd3+ 57. Ke2 Kf4 58. Rb2 Ra3 59. a6 bxa6 60. bxa6 Rxa6 61. Rb7 Ra2+ 62. Ke1 a5 63. Rf7+ Ke3 64. Kf1 a4 65. Ra7 a3 66. Kg1 Kf3 67. Rf7+ Kg3 68. Kf1 Rb2 69. Ra7 a2 70. Ra3+ Kf4 71. Ra4 Kf3 0-1

[Event "VI Sunway Sitges Open 2019"]
[Site "Sitges"]
[Date "2019.12.19"]
[Round "7.52"]
[White "Dias, Savin"]
[Black "Parals Marce, Luis"]
[Result "0-1"]
[ECO "C41"]
[WhiteElo "1921"]
[BlackElo "2063"]
[Annotator "NA"]
[PlyCount "112"]
[EventDate "2019.12.13"]
[EventType "swiss"]
[EventCountry "ESP"]
[SourceTitle "playchess.com"]
[Source "ChessBase"]
[SourceQuality "1"]
[TimeControl "40/5400+30:1800+30"]

1. e4 d6 2. d4 Nf6 3. Nc3 e5 4. Nf3 Nbd7 5. Bc4 Be7 6. O-O O-O 7. Re1 c6 8. a4 a5 9. h3 Nb6 10. Bb3 exd4 11. Nxd4 Nfd7 12. Nf5 Nc5 13. Nxe7+ Qxe7 14. Bf4 Rd8 15. Ba2 Be6 16. Bxe6 fxe6 17. Qg4 Rf8 18. Rad1 e5 19. Bg5 Qf7 20. Be3 Nc4 21. Bxc5 dxc5 22. Rf1 h5 23. Qd7 Nxb2 24. Qxf7+ Rxf7 25. Rb1 Nc4 26. Rfd1 Kf8 27. Rb3 Ke8 28. Ne2 Rd8 29. Rxd8+ Kxd8 30. Ng3 g6 31. Rc3 b5 32. h4 Kc7 33. Kf1 Kb6 34. Rd3 bxa4 35. Ne2 Rf6 36. Nc3 a3 37. Na4+ Kb5 38. Nc3+ Ka6 39. Ke2 Nb2 40. Rd8 Nc4 41. Rd7 Nd6 42. f3 Nb5 43. Na4 Nd4+ 44. Kd3 a2 45. Kc4 Ne6 46. Rd1 Rf8 47. Ra1 Rb8 48. Nxc5+ Nxc5 49. Kxc5 Rb2 50. c4 Rxg2 51. Kxc6 g5 52. hxg5 h4 53. Rd1 Rxg5 54. Kd6 h3 55. c5 h2 56. c6 Rg1 0-1

[Event "VI Sunway Sitges Open 2019"]
[Site "Sitges"]
[Date "2019.12.19"]
[Round "7.53"]
[White "Dew, Brian"]
[Black "Svergina, Sofya"]
[Result "1-0"]
[ECO "B86"]
[WhiteElo "2054"]
[BlackElo "1849"]
[Annotator "NA"]
[PlyCount "63"]
[EventDate "2019.12.13"]
[EventType "swiss"]
[EventCountry "ESP"]
[SourceTitle "playchess.com"]
[Source "ChessBase"]
[SourceQuality "1"]
[TimeControl "40/5400+30:1800+30"]

1. e4 c5 2. Nf3 d6 3. d4 cxd4 4. Nxd4 Nf6 5. Nc3 a6 6. Bc4 e6 7. Bb3 Nbd7 8. f4 Nc5 9. f5 exf5 10. exf5 Be7 11. O-O O-O 12. Qf3 Ncd7 13. Kh1 Ne5 14. Qg3 Kh8 15. Nf3 Nxf3 16. Qxf3 Rb8 17. Nd5 Nxd5 18. Bxd5 Bf6 19. Qb3 Qc7 20. Be3 b5 21. Rad1 Bb7 22. Bxb7 Rxb7 23. Bd4 Bxd4 24. Rxd4 Qe7 25. Qd3 Rb6 26. f6 Qe5 27. Rd5 Qxb2 28. Rh5 h6 29. Qe3 Kh7 30. fxg7 Qxg7 31. Qxb6 Qg4 32. Rhf5 1-0

[Event "VI Sunway Sitges Open 2019"]
[Site "Sitges"]
[Date "2019.12.19"]
[Round "7.54"]
[White "Sai Alagappan S"]
[Black "Rathina Sabapathi A"]
[Result "1/2-1/2"]
[ECO "B15"]
[WhiteElo "1591"]
[BlackElo "1759"]
[Annotator "NA"]
[PlyCount "48"]
[EventDate "2019.12.13"]
[EventType "swiss"]
[EventCountry "ESP"]
[SourceTitle "playchess.com"]
[Source "ChessBase"]
[SourceQuality "1"]
[TimeControl "40/5400+30:1800+30"]

1. e4 c6 2. Nf3 d5 3. Nc3 dxe4 4. Nxe4 Nf6 5. Nxf6+ exf6 6. d4 Bd6 7. Bd3 O-O 8. O-O Bg4 9. Re1 Bc7 10. c3 Qd6 11. g3 Qd5 12. Be2 Re8 13. Bc4 Qd7 14. Qb3 Rxe1+ 15. Nxe1 b6 16. Bf1 Bh3 17. Be2 Bg4 18. Bf1 Bh3 19. Be2 Qe7 20. Be3 Be6 21. Qc2 Bh3 22. Qb3 Be6 23. Qc2 Bh3 24. Qb3 Be6 1/2-1/2

[Event "VI Sunway Sitges Open 2019"]
[Site "Sitges"]
[Date "2019.12.20"]
[Round "8.7"]
[White "Nasuta, Grzegorz"]
[Black "Salgado Lopez, Ivan"]
[Result "1-0"]
[ECO "B32"]
[WhiteElo "2545"]
[BlackElo "2605"]
[Annotator "ChessBase"]
[PlyCount "115"]
[EventDate "2019.12.13"]
[EventType "swiss"]
[EventCountry "ESP"]
[SourceTitle "playchess.com"]
[Source "ChessBase"]
[SourceQuality "1"]
[TimeControl "40/5400+30:1800+30"]

1. e4 c5 2. Nf3 Nc6 3. d4 cxd4 4. Nxd4 e5 5. Nb5 d6 6. c4 g6 7. N1c3 a6 8. Na3 Bg7 9. Be3 Nge7 10. Nc2 O-O 11. Be2 Be6 12. Nd5 Rb8 13. O-O f5 14. exf5 gxf5 15. f4 e4 16. Bb6 Qd7 17. Qd2 Bxb2 18. Rad1 Nc8 19. Nd4 Bxd4+ 20. Bxd4 Bxd5 21. cxd5 Nxd4 22. Qxd4 Qg7 23. Qb4 Qc7 24. Rb1 b5 25. Rb3 Rf6 26. Kh1 Ne7 27. a4 Qc2 28. Rb2 Nxd5 29. Qa3 Qc3 30. Qa2 Kh8 31. axb5 Ne3 32. Rb3 Qc5 33. Qa1 Kg7 34. Rc1 Qb6 35. Rc6 Qxc6 36. bxc6 Rxb3 37. c7 Nc2 38. c8=Q Nxa1 39. Qc1 d5 40. Qxa1 d4 41. Qxd4 Rb1+ 42. Bd1 e3 43. Qd3 Rc1 44. g4 fxg4 45. Kg2 Rxd1 46. Qxd1 Rxf4 47. Qd7+ Kg6 48. Qe6+ Kg5 49. Qe5+ Rf5 50. Qxe3+ Kg6 51. Qe6+ Rf6 52. Qxg4+ Kf7 53. Qd7+ Kg8 54. Kg3 h6 55. Kg4 Kf8 56. Kh5 Kg8 57. Qe7 Rf7 58. Qe6 1-0

[Event "VI Sunway Sitges Open 2019"]
[Site "Sitges"]
[Date "2019.12.20"]
[Round "8.8"]
[White "Gareyev, Timur"]
[Black "Erigaisi Arjun"]
[Result "1/2-1/2"]
[ECO "A13"]
[WhiteElo "2598"]
[BlackElo "2544"]
[Annotator "ChessBase"]
[PlyCount "116"]
[EventDate "2019.12.13"]
[EventType "swiss"]
[EventCountry "ESP"]
[SourceTitle "playchess.com"]
[Source "ChessBase"]
[SourceQuality "1"]
[TimeControl "40/5400+30:1800+30"]

1. Nf3 Nf6 2. c4 e6 3. b3 d5 4. e3 c5 5. cxd5 exd5 6. Bb5+ Nc6 7. O-O Bg4 8. h3 Bh5 9. Bb2 Bd6 10. Be2 O-O 11. d4 Bxf3 12. Bxf3 cxd4 13. exd4 Qb6 14. Nc3 Qxd4 15. Bxd5 Nxd5 16. Qxd4 Nxd4 17. Nxd5 Nc6 18. Rfd1 Rfd8 19. Kf1 f6 20. Rd3 Be5 21. Bxe5 Nxe5 22. Rd2 Kf7 23. Rad1 Rac8 24. Ke2 Nc6 25. f4 Ke6 26. g4 Rd7 27. f5+ Kf7 28. Nf4 Re7+ 29. Kf2 Ne5 30. Ne6 Rc3 31. Rd8 Re8 32. Rxe8 Kxe8 33. Rd8+ Ke7 34. Rg8 g6 35. Rg7+ Kd6 36. Rxh7 gxf5 37. Nd4 Kd5 38. Nxf5 Rc2+ 39. Ke3 Rxa2 40. Rxb7 Rh2 41. Rb5+ Kc6 42. Nd4+ Kd6 43. Ke4 Rxh3 44. Rd5+ Ke7 45. Ra5 Nxg4 46. Rxa7+ Kd6 47. Ra6+ Kd7 48. b4 Nf2+ 49. Kd5 Rh5+ 50. Kc4 Ne4 51. Ra7+ Kc8 52. Nc6 Nd6+ 53. Kb3 Rh3+ 54. Ka4 Rc3 55. Ne7+ Kd8 56. Nd5 Ra3+ 57. Kxa3 Nb5+ 58. Ka4 Nxa7 1/2-1/2

[Event "VI Sunway Sitges Open 2019"]
[Site "Sitges"]
[Date "2019.12.20"]
[Round "8.17"]
[White "Girish, A. Koushik"]
[Black "Praggnanandhaa R"]
[Result "1/2-1/2"]
[ECO "E01"]
[WhiteElo "2506"]
[BlackElo "2586"]
[Annotator "ChessBase"]
[PlyCount "48"]
[EventDate "2019.12.13"]
[EventType "swiss"]
[EventCountry "ESP"]
[SourceTitle "playchess.com"]
[Source "ChessBase"]
[SourceQuality "1"]
[TimeControl "40/5400+30:1800+30"]

1. d4 Nf6 2. c4 e6 3. Nf3 d5 4. g3 Bb4+ 5. Bd2 Bd6 6. Nc3 O-O 7. Bg5 c6 8. Bxf6 Qxf6 9. Qb3 Nd7 10. Bg2 Qe7 11. O-O f5 12. e3 Nf6 13. Qc2 Bd7 14. Ne2 Be8 15. Nf4 Ne4 16. Nd3 Rf6 17. Nfe5 Rh6 18. c5 Bc7 19. b4 Nf6 20. f4 Nd7 21. Nf3 Nf6 22. Nfe5 Nd7 23. Nf3 Nf6 24. Nfe5 Nd7 1/2-1/2

[Event "VI Sunway Sitges Open 2019"]
[Site "Sitges"]
[Date "2019.12.20"]
[Round "8.18"]
[White "Gines Esteo, Pedro Antonio"]
[Black "Peralta, Fernando"]
[Result "1/2-1/2"]
[ECO "A13"]
[WhiteElo "2483"]
[BlackElo "2577"]
[Annotator "ChessBase"]
[PlyCount "88"]
[EventDate "2019.12.13"]
[EventType "swiss"]
[EventCountry "ESP"]
[SourceTitle "playchess.com"]
[Source "ChessBase"]
[SourceQuality "1"]
[TimeControl "40/5400+30:1800+30"]

1. Nf3 Nf6 2. c4 e6 3. b3 d5 4. Bb2 c5 5. cxd5 exd5 6. g3 Nc6 7. Bg2 d4 8. O-O Be7 9. e3 O-O 10. exd4 cxd4 11. Na3 Bg4 12. h3 Bh5 13. g4 Bg6 14. Nc4 Nd5 15. Nfe5 Nxe5 16. Nxe5 Nf4 17. Qf3 Nxg2 18. Qxg2 Bf6 19. Nxg6 hxg6 20. d3 Qd7 21. Rfe1 Qb5 22. Qf3 Rfe8 23. Kg2 a5 24. h4 Bxh4 25. Bxd4 Bg5 26. Be3 Bxe3 27. Rxe3 Rxe3 28. Qxe3 Rd8 29. Rd1 Rd5 30. Qf4 Qe8 31. d4 Qd8 32. Rd3 g5 33. Qe4 g6 34. Kf1 Qd7 35. a4 Kg7 36. Kg2 b6 37. Kf1 Qd8 38. Qe2 Qd6 39. Kg2 Qd7 40. Qd1 Qd6 41. Qd2 Qe6 42. Kg3 Qd6+ 43. Kg2 Qe6 44. Kg3 Qd6+ 1/2-1/2

[Event "VI Sunway Sitges Open 2019"]
[Site "Sitges"]
[Date "2019.12.20"]
[Round "8.19"]
[White "Lopez Martinez, Josep Manuel"]
[Black "Erenberg, Ariel"]
[Result "0-1"]
[ECO "D36"]
[WhiteElo "2561"]
[BlackElo "2479"]
[Annotator "ChessBase"]
[PlyCount "80"]
[EventDate "2019.12.13"]
[EventType "swiss"]
[EventCountry "ESP"]
[SourceTitle "playchess.com"]
[Source "ChessBase"]
[SourceQuality "1"]
[TimeControl "40/5400+30:1800+30"]

1. d4 Nf6 2. c4 e6 3. Nf3 d5 4. Nc3 Nbd7 5. cxd5 exd5 6. Bg5 h6 7. Bh4 c6 8. Qc2 Be7 9. e3 O-O 10. Bd3 Re8 11. Bg3 Nh5 12. O-O-O Nxg3 13. hxg3 Nf6 14. Ne5 Ng4 15. Bh7+ Kf8 16. Bf5 Nxe5 17. dxe5 Bb4 18. Bxc8 Qxc8 19. f4 Bxc3 20. Qxc3 Qg4 21. Qe1 Rad8 22. Qf2 Qe6 23. Rhe1 f6 24. exf6 Qxf6 25. Qc2 Re4 26. Qc5+ Kg8 27. Qxa7 Qg6 28. b3 Qxg3 29. Qxb7 Rxe3 30. Qb4 Rde8 31. Rxe3 Rxe3 32. Rd2 Qe1+ 33. Kb2 c5 34. Qa5 Kh7 35. g4 d4 36. g5 Rc3 37. g6+ Kxg6 38. Qa6+ Kh7 39. Rc2 Rxc2+ 40. Kxc2 Qc3+ 0-1

[Event "VI Sunway Sitges Open 2019"]
[Site "Sitges"]
[Date "2019.12.20"]
[Round "8.20"]
[White "Gukesh D"]
[Black "Janik, Igor"]
[Result "1-0"]
[ECO "A20"]
[WhiteElo "2547"]
[BlackElo "2466"]
[Annotator "ChessBase"]
[PlyCount "85"]
[EventDate "2019.12.13"]
[EventType "swiss"]
[EventCountry "ESP"]
[SourceTitle "playchess.com"]
[Source "ChessBase"]
[SourceQuality "1"]
[TimeControl "40/5400+30:1800+30"]

1. c4 e5 2. g3 Nf6 3. Bg2 Nc6 4. Nf3 d5 5. cxd5 Nxd5 6. O-O Nb6 7. b3 e4 8. Ne1 Bf5 9. Nc3 Qe7 10. d3 O-O-O 11. Be3 exd3 12. Nxd3 h5 13. Rc1 Kb8 14. Nb5 Be4 15. Bxe4 Qxe4 16. Bf4 Bd6 17. Nxd6 cxd6 18. f3 Qe6 19. e4 f5 20. Nc5 Qf6 21. Na6+ Ka8 22. Nc7+ Kb8 23. Na6+ Ka8 24. Nc7+ Kb8 25. Nb5 Nc8 26. Qd2 Qg6 27. exf5 Qxf5 28. Nd4 Nxd4 29. Qxd4 g5 30. Rc5 Qe6 31. Rxg5 h4 32. g4 Rhf8 33. Rh5 Ne7 34. Rh6 Ng6 35. Bg5 Rh8 36. Rxh8 Rxh8 37. Qf6 Qe8 38. Qxd6+ Ka8 39. Rd1 Ne5 40. Qd8+ Qxd8 41. Rxd8+ Rxd8 42. Bxd8 Nxf3+ 43. Kg2 1-0